 Dungeon Sprint DCSS version 0.30-a0-1103-g25895a7845 (webtiles) character file.

Game seed: 14501569272044914318

1250 sircluck the Severer (level 8, -4/86 HPs)
             Began as a Hill Orc Berserker on Apr 18, 2023.
             Was a Priest of Trog.
             Slain by Sonja
             ... wielding a +1 short sword of distortion
              (5 damage)
             ... in the Dungeon (Sprint I: "Red Sonja").
             The game lasted 00:01:56 (643 turns).

sircluck the Severer (Hill Orc Berserker)            Turns: 643, Time: 00:01:56

Health: -4/86      AC: 10    Str: 22    XL:     8   Next: 50%
Magic:  8/8        EV: 10    Int:  7    God:    Trog [***...]
Gold:   432        SH:  0    Dex: 10    Spells: 7/7 levels left

rFire   . . .      SeeInvis .    a - +0 hand axe
rCold   . . .      Faith    .    (no shield)
rNeg    . . .      Spirit   .    j - +0 chain mail
rPois   .          Reflect  .    (no helmet)
rElec   .          Rampage  .    (no cloak)
rCorr   .          NoTele   +    (no gloves)
Will    .....                    (no boots) Stlth
                                 (no amulet)
HPRegen 0.34/turn                (no ring)
MPRegen 0.11/turn                (no ring)

@: on berserk cooldown, slowed, very slow
A: no striking features
a: Renounce Religion, Berserk, Trog's Hand


You were in the Dungeon.
You worshipped Trog.
Trog was most pleased with you.
You visited 1 branch You collected 432 gold pieces.

Inventory:

Hand Weapons
 a - a +0 hand axe (weapon)
Armour
 b - a +0 animal skin
 j - a +0 chain mail (worn)
Wands
 i - a wand of charming (4)
Scrolls
 k - a scroll of identify {unknown}
Potions
 d - a potion of heal wounds
 e - a potion of haste
 f - 2 potions of magic
 g - a potion of berserk rage


   Skills:
 + Level 13.3 Fighting
 + Level 15.6 Axes
 + Level 8.1 Armour
 + Level 4.6 Dodging


You had 7 spell levels left.
You didn't know any spells.
Your spell library was empty.

Dungeon Overview and Level Annotations

Branches:
Dungeon (1/1)

Altars:
Cheibriados
Dithmenos
Elyvilon
Fedhas
Gozag
Hepliaklqana
Kikubaaqudgha
Makhleb
Nemelex Xobeh
Okawaru
Qazlal
Ru
Sif Muna
Trog
Uskayaw
Vehumet
Wu Jian
Xom
Yredelemnul
Zin
The Shining One
Jiyva
Lugonu

Shops:
D [

Annotations:
D Sonja


Message History

Sonja says, "I'm academy-trained, you know."
Sonja hits you but does no damage.
Sonja hits you with a +1 short sword of distortion.
* * * LOW HITPOINT WARNING * * *
Sonja hits you with a +1 short sword of distortion.
* * * LOW HITPOINT WARNING * * *
Space warps horribly around you.
* * * LOW HITPOINT WARNING * * *
You slash Sonja!
Sonja is moderately wounded.
You feel sick.
Sonja casts a spell.
Sonja blinks!
You feel sick.
You feel a strong urge to attack something.
You feel sick.
Sonja throws a curare-tipped dart.
The curare-tipped dart hits you.
You are more poisoned.
You have difficulty breathing.
* * * LOW HITPOINT WARNING * * *
You feel as though you will be slow longer.
* * * LOW HITPOINT WARNING * * *
You feel very sick.
You slash Sonja!
Sonja is almost dead.
You feel sick.
Sonja casts a spell.
Sonja blinks!
You feel sick.
You now have 432 gold pieces (gained 27).
You are no longer berserk.
You are exhausted.
You feel as though you will be slow longer.
* * * LOW HITPOINT WARNING * * *
You feel sick.
You feel better.
Sonja hits you but does no damage. x2; Space warps horribly around you!
* * * LOW HITPOINT WARNING * * *
Sonja hits you with a +1 short sword of distortion.
You die...

#..)..#..').#..+..+..#)..##+#
#..#####'#####+#__####..ss.s#
#..####..#...#.#### #####s.+
#..#__####..##[# ##
#..#_____##'#_.+
#⌠⌠#_.∩...'..._#
####_..__##_.#'#
#_____###K#[# #########@###
+..$+ #$.$# ##.## #+#


You could see Sonja.

Vanquished Creatures
  2 kobold demonologists (D)
  A slime creature (D)
  A yak (D)
  Sigmund (D)
  A floating eye (D)
  An ogre (D)
  A jelly (D)
  Ijyb (D)
9 creatures vanquished.

Notes
Turn   | Place    | Note
-------+----------+-------------------------------------------
     0 | D        | sircluck the Hill Orc Berserker began the quest for the
                  | Orb.
     0 | D        | Reached XP level 1. HP: 19/19 MP: 1/1
     2 | D        | Noticed Ijyb
     6 | D        | Killed Ijyb
     7 | D        | Reached skill level 5 in Fighting
     7 | D        | Reached skill level 6 in Axes
     7 | D        | Reached XP level 2. HP: 29/29 MP: 2/2
     7 | D        | Reached XP level 3. HP: 36/36 MP: 3/3
    51 | D        | Noticed an ogre
    54 | D        | Killed an ogre
    55 | D        | Reached skill level 8 in Axes
    55 | D        | Reached XP level 4. HP: 47/47 MP: 4/4
   111 | D        | Noticed Sigmund
   118 | D        | Killed Sigmund
   118 | D        | Reached ** piety under Trog
   119 | D        | Reached skill level 11 in Axes
   119 | D        | Reached skill level 5 in Armour
   119 | D        | Reached XP level 5. HP: 57/57 MP: 5/5
   119 | D        | Reached XP level 6. HP: 64/64 MP: 6/6
   133 | D        | Found an ornate altar of the Wu Jian Council.
   133 | D        | Found a shimmering blue altar of Sif Muna.
   135 | D        | Found a radiant altar of Vehumet.
   177 | D        | Found Betob's Armour Emporium.
   177 | D        | Found an ancient bone altar of Kikubaaqudgha.
   177 | D        | Found a hazy altar of Hepliaklqana.
   177 | D        | Found a stormy altar of Qazlal.
   177 | D        | Found a hide-covered altar of Uskayaw.
   177 | D        | Found a blossoming altar of Fedhas.
   177 | D        | Found a bloodstained altar of Trog.
   177 | D        | Found an iron altar of Okawaru.
   177 | D        | Found a basalt altar of Yredelemnul.
   177 | D        | Found a glowing golden altar of the Shining One.
   177 | D        | Found a snail-covered altar of Cheibriados.
   177 | D        | Found a sacrificial altar of Ru.
   177 | D        | Found a glowing silver altar of Zin.
   177 | D        | Found a shadowy altar of Dithmenos.
   177 | D        | Found a white marble altar of Elyvilon.
   177 | D        | Noticed a yak
   185 | D        | Killed a yak
   186 | D        | Reached skill level 10 in Fighting
   186 | D        | Reached skill level 12 in Axes
   186 | D        | Reached XP level 7. HP: 73/73 MP: 7/7
   194 | D        | Found a burning altar of Makhleb.
   194 | D        | Found a viscous altar of Jiyva.
   194 | D        | Found a shimmering altar of Xom.
   194 | D        | Found a corrupted altar of Lugonu.
   194 | D        | Noticed a slime creature
   205 | D        | Killed a slime creature
   206 | D        | Reached skill level 13 in Axes
   372 | D        | Noticed a kobold demonologist
   373 | D        | Noticed a kobold demonologist
   375 | D        | Noticed a neqoxec
   377 | D        | Reached skill level 14 in Axes
   377 | D        | Noticed a soul eater
   383 | D        | Killed a kobold demonologist
   383 | D        | Reached *** piety under Trog
   384 | D        | Reached skill level 15 in Axes
   384 | D        | Reached XP level 8. HP: 85/85 MP: 8/8
   394 | D        | Killed a kobold demonologist
   592 | D        | Noticed a demonic crawler
   592 | D        | Noticed a demonic crawler
   592 | D        | Noticed a demonic crawler
   592 | D        | Noticed a demonic crawler
   614 | D        | Found an opulent altar of Gozag.
   615 | D        | Found a sparkling altar of Nemelex Xobeh.
   628 | D        | Noticed Sonja
   643 | D        | HP: 1/86 [Sonja/+1 short sword of distortion (15)]
   643 | D        | Slain by Sonja

Illustrated notes

Levels and vault maps discovered:
D:        dungeon_sprint_1 [red_sonja_temple_1, red_sonja_temple_small_1]

Skill      XL: |  1  2  3  4  5  6  7  8 |
---------------+-------------------------+-----
Fighting       | 5 7 9 10 12 13 | 13.3
Axes           | 6 8 11 12 15 | 15.6
Dodging        | 2 3 4 |  4.6
Armour         | 4 5 6 7 8 |  8.1

Action                     |  1- 3 |  4- 6 |  7- 9 || total
---------------------------+-------+-------+-------++-------
  Melee: Hand axe          |     5 |    17 |    36 ||    58
 Invoke: Berserk           |     2 |     2 |     2 ||     6
    Use: Scroll            |       |       |     1 ||     1
         Potion            |       |       |     1 ||     1
 Armour: Chain mail        |       |     5 |    17 ||    22
  Dodge: Dodged            |       |     6 |    10 ||    16

Table legend: (Time is in decaauts)
 A = Elapsed time spent in this place.
 B = Non-inter-level travel time spent in this place.
 C = Inter-level travel time spent in this place.
 D = Time resting spent in this place.
 E = Time spent auto-exploring this place.
 F = Levels seen in this place.
 G = Mean time per level.
                   A        B        C        D        E       F      G
               +--------+--------+--------+--------+--------+-----+--------+
         Total |    677 |    677 |      0 |    445 |      0 |   1 |  677.0 |
       Dungeon |    677 |    677 |      0 |    445 |      0 |   1 |  677.0 |
               +--------+--------+--------+--------+--------+-----+--------+

Top non-repeatable levels by time:
       D: 677 daAuts
